Map: Ulrena

Players

VBPreina - Winner!

  • Race: Zerg Zerg
  • League: Diamond

haddenlos

  • Race: Protoss Protoss
  • League: Diamond

VOD

Have the link to the VOD?

Description

VBPreina wins

Time

  • Played on: Jan. 2, 2016, 9:12 a.m.
  • Length: 5:18
Show
View Real Time Build Order
Export as new Build Order

VBPreina Zerg - Winner!

Build Orders: Hatch First 

Get SALT Encoding   

  12  0:07  Overlord  
  12  0:12  Drone  
  13  0:17  Drone  
  14  0:26  Drone  
  15  0:32  Drone  
  16  0:40  Drone  
  17  0:54  Hatchery  
  17  0:56  Drone  
  17  1:02  Extractor  
  17  1:03  Drone  
  17  1:13  Drone  
  18  1:20  Spawning Pool  
  17  1:27  Overlord  
  17  1:39  Drone  
  18  1:45  Drone  
  19  2:10  Metabolic Boost  
  19  2:11  Queen x2  
  19  2:13  Zergling x4  
  19  2:14  Zergling x2  
  26  2:20  Drone  
  27  2:25  Drone  
  28  2:31  Drone  
  28  2:32  Drone  
  30  2:40  Drone  
  30  2:42  Roach Warren  
  30  2:58  Drone x2  
  31  2:59  Overlord  
  30  3:17  Overlord  
  30  3:18  Overlord  
  29  3:25  Roach  
  29  3:26  Roach x3  
  37  3:29  Roach x2  
  37  3:33  Roach  
  43  3:37  Roach x2  
  47  3:47  Zergling x2  
  47  3:48  Zergling x6  
  52  4:02  Ravager  
  52  4:05  Zergling x2  
  52  4:06  Zergling x12  
  59  4:17  Overlord x2  
  58  4:28  Roach  
  58  4:29  Roach  
  57  4:32  Zergling x2  
  57  4:33  Zergling x6  
  55  4:47  Zergling x2  
  55  4:48  Zergling x8  
  59  4:53  Roach  
Show
View Real Time Build Order
Export as new Build Order

haddenlos Protoss 

Build Orders: 1 Gate Expand 

Get SALT Encoding   

  12  0:01  Probe (Chrono Boost)  
  13  0:11  Probe (Chrono Boost)  
  14  0:20  Pylon  
  14  0:22  Probe (Chrono Boost)  
  15  0:38  Probe (Chrono Boost)  
  15  0:39  Gateway  
  16  0:49  Probe (Chrono Boost), Assimilator  
  17  0:59  Probe (Chrono Boost)  
  18  1:10  Probe (Chrono Boost)  
  19  1:26  Nexus  
  19  1:38  Probe (Chrono Boost), Pylon  
  20  1:51  Cybernetics Core  
  21  1:54  Probe (Chrono Boost)  
  21  2:01  Assimilator  
  21  2:05  Probe (Chrono Boost)  
  22  2:12  Gateway  
  22  2:15  Probe (Chrono Boost)  
  25  2:27  Adept  
  25  2:29  Warp Gate (Chrono Boost)  
  26  2:31  Mothership Core (Chrono Boost)  
  27  2:40  Probe (Chrono Boost)  
  28  2:49  Probe, Pylon  
  29  2:53  Probe  
  29  2:59  Probe  
  30  3:05  Probe  
  30  3:10  Probe  
  34  3:12  Adept  
  34  3:13  Adept  
  36  3:20  Probe  
  36  3:22  Probe  
  36  3:26  Gateway  
  38  3:35  Gateway  
  38  3:36  Probe  
  39  3:41  Probe  
  39  3:46  Probe  
  41  3:57  Probe x2, Stargate  
  43  4:08  Robotics Facility  
  43  4:09  Probe (Chrono Boost)  
  44  4:15  Pylon  
  44  4:19  Pylon  
  44  4:21  Assimilator  
  44  4:25  Stalker, Assimilator  
  46  4:33  Stalker x2  
  38  4:48  Adept x2  
  41  4:55  Probe (Chrono Boost)  
  41  4:56  Probe (Chrono Boost)  
  41  5:09  Stalker x2  
Tags
 
Add a new tag
Caveats
  • Supply blocks, unpowered buildings, or Contaminate may cause inaccurate times.
  • Supply counts are checked every 10 seconds.